Avalanche vs Blues
(R1)
Created - 23 avril 2015 at 18:59
Goals
|
| Avalanche |
0 |
2 |
1 |
3 |
| Blues |
0 |
2 |
0 |
2 |
|
Shots
|
| Avalanche |
6 |
18 |
8 |
32 |
| Blues |
12 |
10 |
10 |
32 |
|
1st period
No Goal
Penalties :
Sergei Shirokov (STL) for Holding (Minor) at 0:43, Dustin Byfuglien (Col) for Interference (Minor) at 3:09, Jack Johnson (Col) for Boarding (Minor) at 10:54
2nd period
1. Avalanche , Corey Perry 5 (Drew Doughty, Jason Allison) at 1:30
2. Blues , Derek Boogaard 1 (Ales Kotalik) at 6:26
3. Blues , Travis Zajac 4 (Marian Hossa) at 10:32
4. Avalanche , Shane O'Brien 1 (Chuck Kobasew) at 14:49 (SH)
Penalties :
Bryce Lampman (STL) for Interference (Minor) at 3:39, Sergei Shirokov (STL) for Tripping (Minor) at 8:08, Dan Boyle (STL) for Interference (Minor) at 11:01, Michael Rupp (Col) for Hooking (Minor) at 13:21, Jason Pominville (Col) for High sticking (Minor) at 17:59
3rd period
5. Avalanche , Dustin Byfuglien 2 (Michael Rupp, Dave Tanabe) at 17:43
Penalties :
Pierre-Marc Bouchard (Col) for Delaying the game (Minor) at 6:58, Max Pacioretty (Col) for Roughing (Minor) at 11:43, Brent Burns (STL) for Holding (Minor) at 17:51, Nik Antropov (STL) for Kneeing (Major) at 18:02
Goalie Stats
Marty Turco (Col), 30 saves from 32 shots - (0,938), W, 4-0-0, 60:00 minutes
Tuukka Rask (STL), 29 saves from 32 shots - (0,906), L, 4-4-0, 60:00 minutes
Players Stats for Avalanche
Player Name G A P +/- PIM S H SB GA TA FO MP PP MP PK MP
------------------------------------------------------------------------------------
Andrew Ladd 0 0 0 -1 0 1 0 0 1 0 0/0 12:55 0:05 6:40
Brian Campbell 0 0 0 1 0 1 1 0 0 0 0/0 14:12 4:15 1:07
Bryan Little 0 0 0 -1 0 1 0 0 0 0 2/3 6:01 0:00 0:06
Chuck Kobasew 0 1 1 0 0 1 1 0 0 1 0/0 12:16 0:05 3:22
Corey Perry 1 0 1 1 0 3 1 1 0 0 2/3 18:27 5:12 0:00
Dave Tanabe 0 1 1 2 0 3 3 1 0 1 0/0 24:26 5:49 4:08
Drew Doughty 0 1 1 1 0 1 0 0 1 0 0/0 14:45 5:49 0:23
Dustin Byfuglien 1 0 1 1 2 2 1 1 0 0 0/0 11:37 0:05 2:32
Jack Johnson 0 0 0 -2 2 1 0 2 2 1 0/0 20:51 0:00 6:08
Jason Allison 0 1 1 1 0 3 1 0 0 0 13/26 20:55 5:12 2:18
Jason Pominville 0 0 0 0 2 2 2 0 0 0 0/0 14:36 4:47 0:00
Marc Staal 0 0 0 -2 0 0 0 5 1 1 0/0 27:15 4:15 7:45
Max Pacioretty 0 0 0 0 2 0 0 0 0 1 0/0 15:22 4:47 0:45
Michael Rupp 0 1 1 0 2 4 0 1 0 0 0/0 9:14 0:00 1:00
Mike Comrie 0 0 0 0 0 2 2 0 0 1 9/18 12:47 0:00 6:49
Pierre-Marc Bouchard 0 0 0 0 2 0 2 0 0 0 5/12 15:07 4:47 0:00
Ryan Smyth 0 0 0 1 0 2 4 0 0 0 1/1 18:43 5:12 0:16
Shane O'Brien 1 0 1 2 0 5 3 1 0 1 0/0 18:31 0:00 4:17
Players Stats for Blues
Player Name G A P +/- PIM S H SB GA TA FO MP PP MP PK MP
------------------------------------------------------------------------------------
Ales Kotalik 0 1 1 1 0 0 1 0 0 1 1/2 10:33 0:39 3:19
Andrew Cogliano 0 0 0 0 0 2 0 0 1 0 2/7 10:30 0:55 0:35
Brent Burns 0 0 0 0 2 1 3 1 1 0 0/0 24:48 6:39 3:22
Bryce Lampman 0 0 0 -1 2 0 1 1 0 0 0/0 20:11 0:52 4:35
Dan Boyle 0 0 0 -2 2 0 1 3 3 0 0/0 25:51 6:39 1:37
David Perron 0 0 0 0 0 3 1 1 0 0 0/0 14:27 4:14 0:00
Derek Boogaard 1 0 1 1 0 1 3 1 0 2 0/1 9:13 0:30 2:17
Drew Fata 0 0 0 0 0 4 0 0 0 0 0/0 14:34 0:52 5:57
Erik Rasmussen 0 0 0 1 0 0 0 0 0 0 0/0 6:18 0:25 0:00
Jake Gardiner 0 0 0 1 0 1 0 0 0 1 0/0 16:44 4:23 0:41
Joe Pavelski 0 0 0 0 0 2 0 1 0 0 0/0 14:24 4:11 0:00
Kevin Shattenkirk 0 0 0 0 0 1 1 0 0 0 0/0 18:04 4:23 3:59
Marian Hossa 0 1 1 -2 0 7 3 0 0 1 0/0 19:04 6:29 0:00
Nik Antropov 0 0 0 -1 5 1 1 1 0 0 11/24 19:29 6:30 4:43
Paul Kariya 0 0 0 -2 0 2 1 0 0 0 0/1 19:04 6:29 0:00
Sergei Shirokov 0 0 0 0 4 1 1 0 1 0 0/0 10:45 0:25 1:34
Taylor Pyatt 0 0 0 0 0 1 1 0 0 0 1/2 15:17 0:41 5:48
Travis Zajac 1 0 1 -1 0 5 1 1 1 0 16/26 18:46 4:14 0:00
3 Stars
1 - Shane O'Brien (Col)
2 - Derek Boogaard (STL)
3 - Dave Tanabe (Col)
Power Play
Avalanche - 0 on 6 Attempt(s) - 0,00%
Blues - 0 on 6 Attempt(s) - 0,00%
Penalty Kill
Avalanche - 6 on 6 Attempt(s) - 100,00%
- Score 1 goal in Penalty Kill
Blues - 6 on 6 Attempt(s) - 100,00%
- Score 0 goal in Penalty Kill
Team Stat
Avalanche - Hits : 21 - Faceoff Wins : 32 - Blocked Shots : 12 - Penalty Minutes : 12
Blues - Hits : 19 - Faceoff Wins : 31 - Blocked Shots : 10 - Penalty Minutes : 15
Official
Referees : Rooney Chris and Auger Stephane
Linesman : Mike Cvik and Greg Devorski
Game Notes
No Game Note
Finance
Level 1 -- Attendance: 6000 (100,00%) -- Ticket Income 504 000 $
Level 2 -- Attendance: 5000 (100,00%) -- Ticket Income 260 000 $
Level 3 -- Attendance: 2000 (100,00%) -- Ticket Income 60 000 $
Level 4 -- Attendance: 4000 (100,00%) -- Ticket Income 76 000 $
Luxury Box -- Attendance: 1000 (100,00%) -- Ticket Income 169 000 $
Game was played at the Scotttrade center'
Total Attendance: 18000 (100,00%)
Total Ticket Income: 1 069 000 $
Other Income: 160 350 $
Total Income: 1 229 350 $
Avalanche
5 vs 5 Forward
Center Left Wing Right Wing Time % Phy DF OF
1 Jason Allison Ryan Smyth Corey Perry 40 1 2 2
2 Pierre-Marc Bouchard Max Pacioretty Jason Pominville 30 1 2 2
3 Mike Comrie Michael Rupp Dustin Byfuglien 15 1 2 2
4 Bryan Little Andrew Ladd Chuck Kobasew 15 1 2 2
5 vs 5 Defense
Defense Defense Time % Phy DF OF
1 Jack Johnson Marc Staal 40 1 3 1
2 Brian Campbell Drew Doughty 30 1 3 1
3 Dave Tanabe Shane O'Brien 30 1 3 1
4 Jack Johnson Marc Staal 0 1 3 1
PowerPlay Forward
Center Left Wing Right Wing Time % Phy DF OF
1 Jason Allison Ryan Smyth Corey Perry 60 0 2 3
2 Pierre-Marc Bouchard Max Pacioretty Jason Pominville 40 0 2 3
PowerPlay Defense
Defense Defense Time % Phy DF OF
1 Drew Doughty Dave Tanabe 60 0 2 3
2 Marc Staal Brian Campbell 40 0 2 3
Penalty Kill 4 Players Forward
Center Wing Time % Phy DF OF
1 Mike Comrie Andrew Ladd 60 1 3 1
2 Dustin Byfuglien Chuck Kobasew 40 1 3 1
Penalty Kill 4 Players Defense
Defense Defense Time % Phy DF OF
1 Jack Johnson Marc Staal 60 1 3 1
2 Dave Tanabe Shane O'Brien 40 1 3 1
Penalty Kill - 3 Players Forward
Forward Time % Phy DF OF
1 Mike Comrie 60 1 2 2
2 Jason Pominville 40 1 2 2
Penalty Kill - 3 Players Defense
Defense Defense Time % Phy DF OF
1 Jack Johnson Marc Staal 60 1 2 2
2 Dave Tanabe Shane O'Brien 40 1 2 2
4 vs 4 Forward
Center Wing Time % Phy DF OF
1 Jason Allison Jason Pominville 60 1 2 2
2 Mike Comrie Ryan Smyth 40 1 2 2
4 vs 4 Defense
Defense Defense Time % Phy DF OF
1 Jack Johnson Marc Staal 60 1 2 2
2 Dave Tanabe Drew Doughty 40 1 2 2
Last Minutes Offensive
Center Left Wing Right Wing Defense Defense
Jason Allison Ryan Smyth Jason Pominville Drew Doughty Dave Tanabe
Last Minutes Defensive
Center Left Wing Right Wing Defense Defense
Mike Comrie Ryan Smyth Dustin Byfuglien Jack Johnson Marc Staal
Goaltenders
Starting : Marty Turco
Backup : Jimmy Howard
Extra Forwards
Normal : Dustin Byfuglien, Andrew Ladd, Chuck Kobasew - PP : Dustin Byfuglien, Andrew Ladd - PK : Chuck Kobasew
Extra Defensemen
Normal : Drew Doughty, Shane O'Brien, Dave Tanabe - PP : Drew Doughty - PK : Shane O'Brien, Dave Tanabe
Penalty Shots
Dustin Byfuglien, Jason Pominville, Pierre-Marc Bouchard, Ryan Smyth, Mike Comrie
Blues
5 vs 5 Forward
Center Left Wing Right Wing Time % Phy DF OF
1 Travis Zajac Paul Kariya Marian Hossa 40 1 2 2
2 Nik Antropov David Perron Joe Pavelski 30 1 2 2
3 Andrew Cogliano Taylor Pyatt Sergei Shirokov 20 1 2 2
4 Erik Rasmussen Derek Boogaard Ales Kotalik 10 1 2 2
5 vs 5 Defense
Defense Defense Time % Phy DF OF
1 Dan Boyle Bryce Lampman 40 1 2 2
2 Brent Burns Jake Gardiner 30 1 2 2
3 Drew Fata Kevin Shattenkirk 20 1 2 2
4 Dan Boyle Brent Burns 10 1 2 2
PowerPlay Forward
Center Left Wing Right Wing Time % Phy DF OF
1 Nik Antropov Paul Kariya Marian Hossa 60 1 2 2
2 Travis Zajac David Perron Joe Pavelski 40 1 2 2
PowerPlay Defense
Defense Defense Time % Phy DF OF
1 Dan Boyle Brent Burns 60 1 2 2
2 Jake Gardiner Kevin Shattenkirk 40 1 2 2
Penalty Kill 4 Players Forward
Center Wing Time % Phy DF OF
1 Nik Antropov Taylor Pyatt 60 1 2 2
2 Ales Kotalik Sergei Shirokov 40 1 2 2
Penalty Kill 4 Players Defense
Defense Defense Time % Phy DF OF
1 Bryce Lampman Drew Fata 60 1 2 2
2 Brent Burns Kevin Shattenkirk 40 1 2 2
Penalty Kill - 3 Players Forward
Forward Time % Phy DF OF
1 Taylor Pyatt 60 1 2 2
2 Ales Kotalik 40 1 2 2
Penalty Kill - 3 Players Defense
Defense Defense Time % Phy DF OF
1 Drew Fata Bryce Lampman 60 1 2 2
2 Jake Gardiner Dan Boyle 40 1 2 2
4 vs 4 Forward
Center Wing Time % Phy DF OF
1 Travis Zajac Paul Kariya 60 1 2 2
2 Nik Antropov Marian Hossa 40 1 2 2
4 vs 4 Defense
Defense Defense Time % Phy DF OF
1 Dan Boyle Bryce Lampman 60 1 2 2
2 Brent Burns Jake Gardiner 40 1 2 2
Last Minutes Offensive
Center Left Wing Right Wing Defense Defense
Travis Zajac Paul Kariya Marian Hossa Dan Boyle Brent Burns
Last Minutes Defensive
Center Left Wing Right Wing Defense Defense
Nik Antropov Taylor Pyatt Sergei Shirokov Bryce Lampman Drew Fata
Goaltenders
Starting : Tuukka Rask
Backup : Cory Schneider
Extra Forwards
Normal : Andrew Cogliano, Taylor Pyatt, Sergei Shirokov - PP : Andrew Cogliano, Taylor Pyatt - PK : Sergei Shirokov
Extra Defensemen
Normal : Jake Gardiner, Kevin Shattenkirk, Bryce Lampman - PP : Jake Gardiner - PK : Kevin Shattenkirk, Dan Boyle
Penalty Shots
David Perron, Joe Pavelski, Marian Hossa, Travis Zajac, Nik Antropov
% Time on Ice - Avalanche
Lines # - Real PCT - Wanted PCT - Time Play
Normal Forward
1 - 36% - 40% - 13:40
2 - 33% - 30% - 12:29
3 - 16% - 15% - 5:58
4 - 16% - 15% - 5:55
Normal Defense
1 - 39% - 40% - 14:59
2 - 30% - 30% - 11:17
3 - 31% - 30% - 11:46
4 - 0% - 0% - 0:00
PP Forward
1 - 52% - 60% - 5:17
2 - 48% - 40% - 4:47
PP Defense
1 - 58% - 60% - 5:49
2 - 42% - 40% - 4:15
PK Forward
1 - 73% - 60% - 8:41
2 - 27% - 40% - 3:13
PK Defense
1 - 67% - 60% - 7:58
2 - 33% - 40% - 3:56
PK3 Forward
1 - 0% - 60%
2 - 0% - 40%
PK3 Defense
1 - 0% - 60%
2 - 0% - 40%
44 Forward
1 - 0% - 60%
2 - 0% - 40%
44 Defense
1 - 0% - 60%
2 - 0% - 40%
Last Minute Offensive - 0:00
Last Minute Defensive - 0:00
Total
Forward - 60:00
Defense - 60:00
|
% Time on Ice - Blues
Lines # - Real PCT - Wanted PCT - Time Play
Normal Forward
1 - 35% - 40% - 13:08
2 - 28% - 30% - 10:34
3 - 22% - 20% - 8:27
4 - 15% - 10% - 5:53
Normal Defense
1 - 45% - 40% - 17:12
2 - 30% - 30% - 11:29
3 - 20% - 20% - 7:27
4 - 5% - 10% - 1:54
PP Forward
1 - 64% - 60% - 7:40
2 - 36% - 40% - 4:14
PP Defense
1 - 61% - 60% - 7:13
2 - 39% - 40% - 4:41
PK Forward
1 - 65% - 60% - 5:22
2 - 35% - 40% - 2:54
PK Defense
1 - 60% - 60% - 5:00
2 - 40% - 40% - 3:16
PK3 Forward
1 - 77% - 60% - 1:23
2 - 23% - 40% - 0:25
PK3 Defense
1 - 62% - 60% - 1:07
2 - 38% - 40% - 0:41
44 Forward
1 - 0% - 60%
2 - 0% - 40%
44 Defense
1 - 0% - 60%
2 - 0% - 40%
Last Minute Offensive - 0:00
Last Minute Defensive - 0:00
Total
Forward - 60:00
Defense - 60:00
|
Play by Play
1st period
0:01 of 1st period - Jason Allison wins face-off versus Travis Zajac in neutral zone.
0:41 of 1st period - Slapshot by Ryan Smyth.
0:41 of 1st period - Stopped by Tuukka Rask with a rebound.
0:43 of 1st period - Minor Penalty to Sergei Shirokov for Holding.
0:44 of 1st period - Pierre-Marc Bouchard wins face-off versus Nik Antropov in Blues zone.
1:09 of 1st period - Drew Fata is hit by Jason Pominville and loses puck.
1:22 of 1st period - Snap shot by Taylor Pyatt.
1:22 of 1st period - Shot Misses the Net.
1:24 of 1st period - Slapshot by Drew Fata.
1:24 of 1st period - Stopped by Marty Turco with a rebound.
1:26 of 1st period - Slapshot by Drew Fata.
1:26 of 1st period - Stopped by Marty Turco without a rebound.
1:27 of 1st period - Jason Allison wins face-off versus Nik Antropov in Avalanche zone.
2:43 of 1st period - Penalty to Sergei Shirokov is over, Sergei Shirokov is back on ice.
3:09 of 1st period - Minor Penalty to Dustin Byfuglien for Interference.
3:10 of 1st period - Nik Antropov wins face-off versus Mike Comrie in Avalanche zone.
3:16 of 1st period - Wrist shot by Paul Kariya.
3:16 of 1st period - Stopped by Marty Turco without a rebound.
3:17 of 1st period - Nik Antropov wins face-off versus Mike Comrie in Avalanche zone.
3:20 of 1st period - Snap shot by Marian Hossa.
3:20 of 1st period - Shot Misses the Net.
3:22 of 1st period - Slapshot by Dan Boyle.
3:22 of 1st period - Deflect By Nik Antropov.
3:22 of 1st period - Stopped by Marty Turco with a rebound.
3:24 of 1st period - Snap shot by Nik Antropov.
3:24 of 1st period - Deflect By Marian Hossa.
3:24 of 1st period - Stopped by Marty Turco without a rebound.
3:25 of 1st period - Mike Comrie wins face-off versus Nik Antropov in Avalanche zone.
3:40 of 1st period - Snap shot by Marian Hossa.
3:40 of 1st period - Shot Blocked by Marc Staal.
3:50 of 1st period - Brent Burns is hit by Chuck Kobasew and loses puck.
4:59 of 1st period - Icing by Kevin Shattenkirk.
5:00 of 1st period - Jason Allison wins face-off versus Nik Antropov in Blues zone.
5:09 of 1st period - Penalty to Dustin Byfuglien is over, Dustin Byfuglien is back on ice.
5:28 of 1st period - Wrist shot by Taylor Pyatt.
5:28 of 1st period - Stopped by Marty Turco without a rebound.
5:29 of 1st period - Pierre-Marc Bouchard wins face-off versus Derek Boogaard in Avalanche zone.
5:38 of 1st period - Slapshot by Jack Johnson.
5:38 of 1st period - Shot Blocked by Derek Boogaard.
6:03 of 1st period - Wrist shot by Mike Comrie.
6:03 of 1st period - Stopped by Tuukka Rask without a rebound.
6:04 of 1st period - Travis Zajac wins face-off versus Mike Comrie in Blues zone.
6:15 of 1st period - Wrist shot by Travis Zajac.
6:15 of 1st period - Shot Misses the Net.
6:21 of 1st period - Slapshot by Michael Rupp.
6:21 of 1st period - Stopped by Tuukka Rask without a rebound.
6:22 of 1st period - Nik Antropov wins face-off versus Jason Allison in Blues zone.
6:54 of 1st period - Slapshot by Jason Pominville.
6:54 of 1st period - Stopped by Tuukka Rask with a rebound.
7:22 of 1st period - Snap shot by Sergei Shirokov.
7:22 of 1st period - Shot Blocked by Dave Tanabe.
7:24 of 1st period - Snap shot by Drew Fata.
7:24 of 1st period - Stopped by Marty Turco with a rebound.
7:26 of 1st period - Slapshot by Sergei Shirokov.
7:26 of 1st period - Deflect By Taylor Pyatt.
7:26 of 1st period - Shot Misses the Net.
7:26 of 1st period - Puck is out of play.
7:27 of 1st period - Jason Allison wins face-off versus Nik Antropov in Avalanche zone.
7:34 of 1st period - Wrist shot by Corey Perry.
7:34 of 1st period - Shot Blocked by David Perron.
7:36 of 1st period - Snap shot by Corey Perry.
7:36 of 1st period - Stopped by Tuukka Rask without a rebound.
7:37 of 1st period - Jason Allison wins face-off versus Nik Antropov in Blues zone.
8:06 of 1st period - Wrist shot by Jason Allison.
8:06 of 1st period - Shot Blocked by Nik Antropov.
8:08 of 1st period - Snap shot by Jason Allison.
8:08 of 1st period - Shot Misses the Net.
8:10 of 1st period - Wrist shot by Corey Perry.
8:10 of 1st period - Shot Misses the Net.
8:18 of 1st period - Slapshot by Corey Perry.
8:18 of 1st period - Shot Blocked by Joe Pavelski.
8:20 of 1st period - Snap shot by Jason Allison.
8:20 of 1st period - Stopped by Tuukka Rask without a rebound.
8:21 of 1st period - Travis Zajac wins face-off versus Pierre-Marc Bouchard in Blues zone.
8:50 of 1st period - Off-side.
8:51 of 1st period - Andrew Cogliano wins face-off versus Pierre-Marc Bouchard in neutral zone.
9:00 of 1st period - Snap shot by Taylor Pyatt.
9:00 of 1st period - Shot Misses the Net.
9:32 of 1st period - Wrist shot by Travis Zajac.
9:32 of 1st period - Stopped by Marty Turco without a rebound.
9:33 of 1st period - Nik Antropov wins face-off versus Bryan Little in Avalanche zone.
9:58 of 1st period - Marian Hossa is hit by Brian Campbell and loses puck.
10:25 of 1st period - Snap shot by Andrew Cogliano.
10:25 of 1st period - Stopped by Marty Turco without a rebound.
10:26 of 1st period - Travis Zajac wins face-off versus Pierre-Marc Bouchard in Avalanche zone.
10:30 of 1st period - Icing by Jack Johnson.
10:31 of 1st period - Pierre-Marc Bouchard wins face-off versus Travis Zajac in Avalanche zone.
10:48 of 1st period - Wrist shot by Paul Kariya.
10:48 of 1st period - Stopped by Marty Turco with a rebound.
10:54 of 1st period - Minor Penalty to Jack Johnson for Boarding.
10:55 of 1st period - Mike Comrie wins face-off versus Nik Antropov in Avalanche zone.
11:08 of 1st period - Slapshot by Dan Boyle.
11:08 of 1st period - Shot Blocked by Shane O'Brien.
11:10 of 1st period - Snap shot by Brent Burns.
11:10 of 1st period - Shot Misses the Net.
11:47 of 1st period - Icing by Marian Hossa.
11:48 of 1st period - Mike Comrie wins face-off versus Nik Antropov in Blues zone.
12:54 of 1st period - Penalty to Jack Johnson is over, Jack Johnson is back on ice.
13:22 of 1st period - Bryce Lampman is hit by Dave Tanabe and loses puck.
13:47 of 1st period - Icing by Michael Rupp.
13:48 of 1st period - Travis Zajac wins face-off versus Mike Comrie in Avalanche zone.
13:49 of 1st period - Snap shot by Paul Kariya.
13:49 of 1st period - Shot Blocked by Michael Rupp.
14:19 of 1st period - Taylor Pyatt is hit by Ryan Smyth and loses puck.
14:42 of 1st period - Snap shot by Joe Pavelski.
14:42 of 1st period - Shot Blocked by Marc Staal.
14:44 of 1st period - Snap shot by Joe Pavelski.
14:44 of 1st period - Stopped by Marty Turco with a rebound.
14:46 of 1st period - Snap shot by David Perron.
14:46 of 1st period - Stopped by Marty Turco with a rebound.
16:10 of 1st period - Andrew Ladd is hit by Nik Antropov.
17:21 of 1st period - Drew Doughty is hit by Taylor Pyatt and loses puck.
17:36 of 1st period - Paul Kariya is hit by Shane O'Brien and loses puck.
17:48 of 1st period - Marc Staal is hit by Travis Zajac and loses puck.
18:18 of 1st period - Snap shot by Bryan Little.
18:18 of 1st period - Deflect By Andrew Ladd.
18:18 of 1st period - Shot Misses the Net.
18:18 of 1st period - Puck is out of play.
18:19 of 1st period - Travis Zajac wins face-off versus Corey Perry in Blues zone.
18:45 of 1st period - Icing by Travis Zajac.
18:46 of 1st period - Pierre-Marc Bouchard wins face-off versus Nik Antropov in Blues zone.
18:47 of 1st period - Slapshot by Jason Pominville.
18:47 of 1st period - Shot Misses the Net.
18:49 of 1st period - Backhand shot by Max Pacioretty.
18:49 of 1st period - Shot Misses the Net.
19:15 of 1st period - Wrist shot by Jason Allison.
19:15 of 1st period - Shot Blocked by Bryce Lampman.
19:17 of 1st period - Slapshot by Shane O'Brien.
19:17 of 1st period - Shot Blocked by Travis Zajac.
19:19 of 1st period - Slapshot by Dave Tanabe.
19:19 of 1st period - Shot Blocked by Dan Boyle.
19:34 of 1st period - Off-side.
19:35 of 1st period - Bryan Little wins face-off versus Andrew Cogliano in neutral zone.
Goals for this period are 0 for Avalanche vs 0 for Blues.
Shots for this period are 6 for Avalanche vs 12 for Blues.
2nd period
0:01 of 2nd period - Travis Zajac wins face-off versus Jason Allison in neutral zone.
0:10 of 2nd period - Snap shot by Marian Hossa.
0:10 of 2nd period - Stopped by Marty Turco with a rebound.
0:33 of 2nd period - Snap shot by Jason Pominville.
0:33 of 2nd period - Stopped by Tuukka Rask with a rebound.
0:52 of 2nd period - Backhand shot by Chuck Kobasew.
0:52 of 2nd period - Deflect By Bryan Little.
0:52 of 2nd period - Stopped by Tuukka Rask without a rebound.
0:53 of 2nd period - Corey Perry wins face-off versus Travis Zajac in Blues zone.
0:56 of 2nd period - Slapshot by Ryan Smyth.
0:56 of 2nd period - Shot Misses the Net.
1:00 of 2nd period - Wrist shot by Ryan Smyth.
1:00 of 2nd period - Stopped by Tuukka Rask without a rebound.
1:01 of 2nd period - Travis Zajac wins face-off versus Jason Allison in Blues zone.
1:01 of 2nd period - Travis Zajac is hit by Ryan Smyth.
1:30 of 2nd period - Slapshot by Corey Perry.
1:30 of 2nd period - Goal by Corey Perry - Avalanche : 1 - Blues : 0.
1:31 of 2nd period - Travis Zajac wins face-off versus Jason Allison in neutral zone.
1:36 of 2nd period - Snap shot by Marian Hossa.
1:36 of 2nd period - Shot Misses the Net.
1:46 of 2nd period - Wrist shot by Travis Zajac.
1:46 of 2nd period - Stopped by Marty Turco with a rebound.
1:48 of 2nd period - Wrist shot by Travis Zajac.
1:48 of 2nd period - Shot Blocked by Marc Staal.
3:08 of 2nd period - Wrist shot by Marian Hossa.
3:08 of 2nd period - Stopped by Marty Turco with a rebound.
3:16 of 2nd period - Snap shot by Marian Hossa.
3:16 of 2nd period - Shot Blocked by Corey Perry.
3:39 of 2nd period - Minor Penalty to Bryce Lampman for Interference.
3:40 of 2nd period - Nik Antropov wins face-off versus Jason Allison in Blues zone.
3:40 of 2nd period - Nik Antropov is hit by Corey Perry.
3:46 of 2nd period - Off-side.
3:47 of 2nd period - Nik Antropov wins face-off versus Jason Allison in neutral zone.
3:59 of 2nd period - Snap shot by Dave Tanabe.
3:59 of 2nd period - Stopped by Tuukka Rask with a rebound.
5:39 of 2nd period - Penalty to Bryce Lampman is over, Bryce Lampman is back on ice.
5:47 of 2nd period - Paul Kariya is hit by Mike Comrie and loses puck.
5:52 of 2nd period - Wrist shot by Mike Comrie.
5:52 of 2nd period - Stopped by Tuukka Rask with a rebound.
5:54 of 2nd period - Slapshot by Mike Comrie.
5:54 of 2nd period - Deflect By Michael Rupp.
5:54 of 2nd period - Shot Misses the Net.
5:54 of 2nd period - Puck is out of play.
5:55 of 2nd period - Mike Comrie wins face-off versus Travis Zajac in Blues zone.
6:19 of 2nd period - Marc Staal is hit by Derek Boogaard and loses puck.
6:24 of 2nd period - Wrist shot by Ales Kotalik.
6:24 of 2nd period - Shot Blocked by Marc Staal.
6:26 of 2nd period - Snap shot by Derek Boogaard.
6:26 of 2nd period - Goal by Derek Boogaard - Avalanche : 1 - Blues : 1.
6:27 of 2nd period - Travis Zajac wins face-off versus Jason Allison in neutral zone.
6:32 of 2nd period - Snap shot by Marian Hossa.
6:32 of 2nd period - Stopped by Marty Turco with a rebound.
6:52 of 2nd period - Max Pacioretty is hit by David Perron and loses puck.
7:17 of 2nd period - Snap shot by Bryan Little.
7:17 of 2nd period - Shot Misses the Net.
7:19 of 2nd period - Slapshot by Jack Johnson.
7:19 of 2nd period - Shot Misses the Net.
7:21 of 2nd period - Wrist shot by Andrew Ladd.
7:21 of 2nd period - Stopped by Tuukka Rask without a rebound.
7:22 of 2nd period - Travis Zajac wins face-off versus Jason Allison in Blues zone.
7:22 of 2nd period - Travis Zajac is hit by Shane O'Brien.
7:38 of 2nd period - Wrist shot by Travis Zajac.
7:38 of 2nd period - Stopped by Marty Turco with a rebound.
8:08 of 2nd period - Minor Penalty to Sergei Shirokov for Tripping.
8:09 of 2nd period - Nik Antropov wins face-off versus Pierre-Marc Bouchard in Blues zone.
8:21 of 2nd period - Slapshot by Dave Tanabe.
8:21 of 2nd period - Stopped by Tuukka Rask with a rebound.
8:23 of 2nd period - Slapshot by Dave Tanabe.
8:23 of 2nd period - Shot Misses the Net.
8:25 of 2nd period - Slapshot by Drew Doughty.
8:25 of 2nd period - Shot Misses the Net.
9:23 of 2nd period - Off-side.
9:24 of 2nd period - Pierre-Marc Bouchard wins face-off versus Ales Kotalik in neutral zone.
9:35 of 2nd period - Jason Pominville is hit by Derek Boogaard and loses puck.
10:08 of 2nd period - Penalty to Sergei Shirokov is over, Sergei Shirokov is back on ice.
10:22 of 2nd period - Slapshot by Travis Zajac.
10:22 of 2nd period - Shot Misses the Net.
10:24 of 2nd period - Snap shot by Travis Zajac.
10:24 of 2nd period - Stopped by Marty Turco without a rebound.
10:25 of 2nd period - Travis Zajac wins face-off versus Mike Comrie in Avalanche zone.
10:32 of 2nd period - Snap shot by Travis Zajac.
10:32 of 2nd period - Goal by Travis Zajac - Avalanche : 1 - Blues : 2.
10:33 of 2nd period - Jason Allison wins face-off versus Paul Kariya in neutral zone.
10:39 of 2nd period - Icing by Paul Kariya.
10:40 of 2nd period - Ryan Smyth wins face-off versus Travis Zajac in Blues zone.
10:53 of 2nd period - Wrist shot by Corey Perry.
10:53 of 2nd period - Stopped by Tuukka Rask with a rebound.
10:55 of 2nd period - Slapshot by Jack Johnson.
10:55 of 2nd period - Shot Blocked by Dan Boyle.
11:01 of 2nd period - Minor Penalty to Dan Boyle for Interference.
11:02 of 2nd period - Nik Antropov wins face-off versus Jason Allison in Blues zone.
11:13 of 2nd period - Snap shot by Jason Allison.
11:13 of 2nd period - Stopped by Tuukka Rask with a rebound.
11:35 of 2nd period - Slapshot by Drew Doughty.
11:35 of 2nd period - Stopped by Tuukka Rask without a rebound.
11:36 of 2nd period - Ales Kotalik wins face-off versus Pierre-Marc Bouchard in Blues zone.
12:03 of 2nd period - Marc Staal is hit by Sergei Shirokov and loses puck.
12:57 of 2nd period - Icing by Pierre-Marc Bouchard.
12:58 of 2nd period - Andrew Cogliano wins face-off versus Pierre-Marc Bouchard in Avalanche zone.
13:01 of 2nd period - Penalty to Dan Boyle is over, Dan Boyle is back on ice.
13:12 of 2nd period - Off-side.
13:13 of 2nd period - Travis Zajac wins face-off versus Mike Comrie in neutral zone.
13:15 of 2nd period - Bryce Lampman is hit by Dave Tanabe and loses puck.
13:21 of 2nd period - Minor Penalty to Michael Rupp for Hooking.
13:22 of 2nd period - Nik Antropov wins face-off versus Mike Comrie in Avalanche zone.
14:03 of 2nd period - Slapshot by Joe Pavelski.
14:03 of 2nd period - Stopped by Marty Turco with a rebound.
14:05 of 2nd period - Slapshot by Jake Gardiner.
14:05 of 2nd period - Deflect By Jack Johnson.
14:05 of 2nd period - Stopped by Marty Turco without a rebound.
14:06 of 2nd period - Travis Zajac wins face-off versus Mike Comrie in Avalanche zone.
14:07 of 2nd period - Slapshot by David Perron.
14:07 of 2nd period - Deflect By Andrew Ladd.
14:07 of 2nd period - Shot Misses the Net.
14:07 of 2nd period - Puck is out of play.
14:08 of 2nd period - Mike Comrie wins face-off versus Travis Zajac in Avalanche zone.
14:49 of 2nd period - Slapshot by Shane O'Brien.
14:49 of 2nd period - Goal by Shane O'Brien - Avalanche : 2 - Blues : 2.
14:50 of 2nd period - Nik Antropov wins face-off versus Mike Comrie in neutral zone.
15:21 of 2nd period - Penalty to Michael Rupp is over, Michael Rupp is back on ice.
15:26 of 2nd period - Wrist shot by Chuck Kobasew.
15:26 of 2nd period - Shot Misses the Net.
15:28 of 2nd period - Wrist shot by Shane O'Brien.
15:28 of 2nd period - Stopped by Tuukka Rask with a rebound.
15:56 of 2nd period - Slapshot by Brent Burns.
15:56 of 2nd period - Shot Blocked by Dustin Byfuglien.
16:08 of 2nd period - Backhand shot by Dave Tanabe.
16:08 of 2nd period - Stopped by Tuukka Rask with a rebound.
16:34 of 2nd period - Dustin Byfuglien is hit by Brent Burns and loses puck.
17:00 of 2nd period - Dan Boyle is hit by Dustin Byfuglien and loses puck.
17:17 of 2nd period - Snap shot by Michael Rupp.
17:17 of 2nd period - Stopped by Tuukka Rask with a rebound.
17:19 of 2nd period - Slapshot by Michael Rupp.
17:19 of 2nd period - Stopped by Tuukka Rask with a rebound.
17:21 of 2nd period - Slapshot by Dave Tanabe.
17:21 of 2nd period - Shot Misses the Net.
17:23 of 2nd period - Snap shot by Chuck Kobasew.
17:23 of 2nd period - Shot Misses the Net.
17:25 of 2nd period - Snap shot by Michael Rupp.
17:25 of 2nd period - Stopped by Tuukka Rask with a rebound.
17:27 of 2nd period - Slapshot by Shane O'Brien.
17:27 of 2nd period - Deflect By Joe Pavelski.
17:27 of 2nd period - Stopped by Tuukka Rask without a rebound.
17:28 of 2nd period - Jason Allison wins face-off versus Andrew Cogliano in Blues zone.
17:59 of 2nd period - Minor Penalty to Jason Pominville for High sticking.
18:00 of 2nd period - Mike Comrie wins face-off versus Nik Antropov in Avalanche zone.
18:00 of 2nd period - Mike Comrie is hit by Marian Hossa.
19:59 of 2nd period - Penalty to Jason Pominville is over, Jason Pominville is back on ice.
Goals for this period are 2 for Avalanche vs 2 for Blues.
Shots for this period are 18 for Avalanche vs 10 for Blues.
3rd period
0:01 of 3rd period - Corey Perry wins face-off versus Travis Zajac in neutral zone.
0:53 of 3rd period - Snap shot by Mike Comrie.
0:53 of 3rd period - Shot Blocked by Brent Burns.
0:55 of 3rd period - Slapshot by Shane O'Brien.
0:55 of 3rd period - Stopped by Tuukka Rask with a rebound.
0:57 of 3rd period - Wrist shot by Dustin Byfuglien.
0:57 of 3rd period - Stopped by Tuukka Rask with a rebound.
1:53 of 3rd period - Slapshot by Shane O'Brien.
1:53 of 3rd period - Shot Blocked by Dan Boyle.
1:55 of 3rd period - Snap shot by Dave Tanabe.
1:55 of 3rd period - Shot Misses the Net.
3:11 of 3rd period - Off-side.
3:12 of 3rd period - Jason Allison wins face-off versus Nik Antropov in neutral zone.
3:12 of 3rd period - Brian Campbell is hit by Kevin Shattenkirk and loses puck.
3:23 of 3rd period - Snap shot by David Perron.
3:23 of 3rd period - Stopped by Marty Turco without a rebound.
3:24 of 3rd period - Travis Zajac wins face-off versus Jason Allison in Avalanche zone.
3:25 of 3rd period - Wrist shot by Marian Hossa.
3:25 of 3rd period - Stopped by Marty Turco with a rebound.
3:27 of 3rd period - Slapshot by Brent Burns.
3:27 of 3rd period - Stopped by Marty Turco without a rebound.
3:28 of 3rd period - Travis Zajac wins face-off versus Jason Allison in Avalanche zone.
3:41 of 3rd period - Slapshot by Marian Hossa.
3:41 of 3rd period - Stopped by Marty Turco without a rebound.
3:42 of 3rd period - Jason Allison wins face-off versus Travis Zajac in Avalanche zone.
3:57 of 3rd period - Travis Zajac is hit by Ryan Smyth and loses puck.
4:35 of 3rd period - Wrist shot by Dan Boyle.
4:35 of 3rd period - Shot Blocked by Jack Johnson.
4:37 of 3rd period - Slapshot by Dan Boyle.
4:37 of 3rd period - Shot Blocked by Jack Johnson.
4:41 of 3rd period - Wrist shot by Andrew Cogliano.
4:41 of 3rd period - Shot Misses the Net.
4:43 of 3rd period - Snap shot by Sergei Shirokov.
4:43 of 3rd period - Stopped by Marty Turco without a rebound.
4:44 of 3rd period - Travis Zajac wins face-off versus Jason Allison in Avalanche zone.
5:20 of 3rd period - Snap shot by Nik Antropov.
5:20 of 3rd period - Deflect By David Perron.
5:20 of 3rd period - Stopped by Marty Turco with a rebound.
6:17 of 3rd period - Travis Zajac is hit by Ryan Smyth and loses puck.
6:50 of 3rd period - Slapshot by Kevin Shattenkirk.
6:50 of 3rd period - Shot Misses the Net.
6:52 of 3rd period - Slapshot by Kevin Shattenkirk.
6:52 of 3rd period - Deflect By Pierre-Marc Bouchard.
6:52 of 3rd period - Stopped by Marty Turco with a rebound.
6:58 of 3rd period - Minor Penalty to Pierre-Marc Bouchard for Delaying the game.
6:59 of 3rd period - Mike Comrie wins face-off versus Nik Antropov in Avalanche zone.
7:28 of 3rd period - Slapshot by Jack Johnson.
7:28 of 3rd period - Deflect By Paul Kariya.
7:28 of 3rd period - Stopped by Tuukka Rask with a rebound.
8:58 of 3rd period - Penalty to Pierre-Marc Bouchard is over, Pierre-Marc Bouchard is back on ice.
9:34 of 3rd period - Sergei Shirokov is hit by Shane O'Brien and loses puck.
10:04 of 3rd period - David Perron is hit by Pierre-Marc Bouchard and loses puck.
10:19 of 3rd period - Mike Comrie is hit by Paul Kariya and loses puck.
10:53 of 3rd period - Sergei Shirokov is hit by Jason Pominville and loses puck.
10:59 of 3rd period - Icing by Andrew Cogliano.
11:00 of 3rd period - Jason Allison wins face-off versus Andrew Cogliano in Blues zone.
11:03 of 3rd period - Wrist shot by Corey Perry.
11:03 of 3rd period - Deflect By Jason Allison.
11:03 of 3rd period - Shot Misses the Net.
11:03 of 3rd period - Puck is out of play.
11:04 of 3rd period - Jason Allison wins face-off versus Travis Zajac in Blues zone.
11:15 of 3rd period - Jason Allison is hit by Marian Hossa.
11:33 of 3rd period - Slapshot by Shane O'Brien.
11:33 of 3rd period - Stopped by Tuukka Rask without a rebound.
11:34 of 3rd period - Nik Antropov wins face-off versus Pierre-Marc Bouchard in Blues zone.
11:34 of 3rd period - Nik Antropov is hit by Pierre-Marc Bouchard.
11:43 of 3rd period - Minor Penalty to Max Pacioretty for Roughing.
11:44 of 3rd period - Mike Comrie wins face-off versus Nik Antropov in Avalanche zone.
11:44 of 3rd period - Mike Comrie is hit by Brent Burns.
12:44 of 3rd period - Marian Hossa is hit by Mike Comrie and loses puck.
13:07 of 3rd period - Wrist shot by Chuck Kobasew.
13:07 of 3rd period - Stopped by Tuukka Rask with a rebound.
13:43 of 3rd period - Penalty to Max Pacioretty is over, Max Pacioretty is back on ice.
14:14 of 3rd period - Slapshot by Brian Campbell.
14:14 of 3rd period - Deflect By Kevin Shattenkirk.
14:14 of 3rd period - Stopped by Tuukka Rask without a rebound.
14:15 of 3rd period - Jason Allison wins face-off versus Andrew Cogliano in Blues zone.
14:21 of 3rd period - Dan Boyle is hit by Jason Allison and loses puck.
15:06 of 3rd period - Michael Rupp is hit by Dan Boyle and loses puck.
15:17 of 3rd period - Erik Rasmussen is hit by Dave Tanabe and loses puck.
15:26 of 3rd period - Dave Tanabe is hit by Derek Boogaard and loses puck.
15:56 of 3rd period - Marc Staal is hit by Bryce Lampman and loses puck.
16:07 of 3rd period - Snap shot by Marian Hossa.
16:07 of 3rd period - Stopped by Marty Turco with a rebound.
17:26 of 3rd period - Snap shot by Sergei Shirokov.
17:26 of 3rd period - Shot Misses the Net.
17:28 of 3rd period - Snap shot by Taylor Pyatt.
17:28 of 3rd period - Shot Misses the Net.
17:32 of 3rd period - Snap shot by Andrew Cogliano.
17:32 of 3rd period - Stopped by Marty Turco without a rebound.
17:33 of 3rd period - Mike Comrie wins face-off versus Travis Zajac in Avalanche zone.
17:33 of 3rd period - Mike Comrie is hit by Marian Hossa.
17:39 of 3rd period - Slapshot by Dave Tanabe.
17:39 of 3rd period - Shot Misses the Net.
17:41 of 3rd period - Snap shot by Michael Rupp.
17:41 of 3rd period - Shot Misses the Net.
17:43 of 3rd period - Snap shot by Dustin Byfuglien.
17:43 of 3rd period - Goal by Dustin Byfuglien - Avalanche : 3 - Blues : 2.
17:44 of 3rd period - Bryan Little wins face-off versus Andrew Cogliano in neutral zone.
17:48 of 3rd period - Jack Johnson is hit by Brent Burns and loses puck.
17:51 of 3rd period - Minor Penalty to Brent Burns for Holding.
17:52 of 3rd period - Jason Allison wins face-off versus Taylor Pyatt in Blues zone.
17:57 of 3rd period - Wrist shot by Jason Allison.
17:57 of 3rd period - Stopped by Tuukka Rask with a rebound.
18:02 of 3rd period - Major Penalty to Nik Antropov for Kneeing.
18:03 of 3rd period - Taylor Pyatt wins face-off versus Jason Allison in Blues zone.
18:48 of 3rd period - Slapshot by Bryce Lampman.
18:48 of 3rd period - Shot Blocked by Marc Staal.
18:50 of 3rd period - Slapshot by Drew Fata.
18:50 of 3rd period - Stopped by Marty Turco with a rebound.
19:51 of 3rd period - Penalty to Brent Burns is over, Brent Burns is back on ice.
19:52 of 3rd period - Jason Allison is hit by Ales Kotalik and loses puck.
Goals for this period are 1 for Avalanche vs 0 for Blues.
Shots for this period are 8 for Avalanche vs 10 for Blues.
Output by the SimonT Hockey Simulator (STHS) for François Prévost -- Original Page W3C XHTML 1.0 Valid